 Dungeon Crawl Stone Soup version 0.16-a0-4024-g0ecf4ac (webtiles) character file.

464 dysrexia the Twirler (level 6, 0/48 HPs)
             Began as a Draconian Gladiator on Feb 19, 2015.
             Slain by Prince Ribbit (13 damage)
             ... on level 5 of the Dungeon.
             The game lasted 00:13:22 (2730 turns).

dysrexia the Twirler (Draconian Gladiator)          Turns: 2730, Time: 00:13:23

Health: 0/48       AC: 10    Str: 17    XL:     6   Next: 80%
Magic:  6/6        EV: 13    Int:  8    God:
Gold:   150        SH:  0    Dex: 14    Spells: 0 memorised, 5 levels left

rFire  . . .     SeeInvis .     a - +0 quarterstaff
rCold  . . .     Clarity  .     (armour unavailable)
rNeg   . . .     SustAb   .     (no shield)
rPois  .         Gourm    .     c - +0 hat
rElec  .         Spirit   .     n - +0 cloak
rCorr  .         Warding  .     (no gloves)
rMut   .         Stasis   .     u - +2 pair of boots
MR     .....                    (no amulet)
Stlth  +.........               (no ring)
                                q - ring of wizardry

@: not resistant to hostile enchantments, very unstealthy
A: unfitting armour, cold-blooded, AC +6
a: no special abilities


You were on level 5 of the Dungeon.
You were hungry.

You visited 1 branch of the dungeon, and saw 5 of its levels.

You collected 150 gold pieces.

Inventory:

Hand weapons
 a - a +0 quarterstaff (weapon)
Missiles
 l - 30 stones (quivered)
Armour
 c - a +0 hat (worn)
 n - a +0 cloak (worn)
 u - a +2 pair of boots (worn)
Jewellery
 q - a ring of wizardry (left hand)
 v - an uncursed ring of wizardry
Magical devices
 w - a wand of lightning (8)
Scrolls
 e - a scroll of amnesia
 h - a scroll of blinking
 r - a scroll of recharging
Potions
 b - 2 potions of curing
 i - a potion of haste
 j - a potion of cancellation {unknown}
 o - a potion of beneficial mutation
 s - a potion of brilliance {unknown}
Comestibles
 f - 3 bread rations
 g - 2 meat rations
 k - a slice of pizza
 m - 2 fruits
 t - a beef jerky


   Skills:
 - Level 2.1 Fighting
 * Level 7.8 Staves
 - Level 1.7 Throwing
 - Level 2.6 Dodging


You had 5 spell levels left.
You didn't know any spells.

Dungeon Overview and Level Annotations

Branches:
Dungeon (5/15)
 Temple: D:4-7

Altars:
Gozag
Makhleb
Okawaru

Annotations:
D:3 Grinder
D:5 Prince Ribbit


Innate Abilities, Weirdness & Mutations

Your plain brown scales are hard (AC +6).
Your body does not fit into most forms of armour.
Your cold-blooded metabolism reacts poorly to cold.


Message History

Prince Ribbit barely misses you. Prince Ribbit hits you!!
Prince Ribbit blinks!
Prince Ribbit completely misses you.
You miss Prince Ribbit.
Prince Ribbit is lightly wounded.
Prince Ribbit hits you but does no damage.
Prince Ribbit closely misses you. Prince Ribbit completely misses you.
You see here a club.
Prince Ribbit barely misses you.
Prince Ribbit lets out a mournful croak.
Things that are here:
a giant spiked club; a giant club Prince Ribbit blinks!
Prince Ribbit hits you! Prince Ribbit hits you!
Prince Ribbit blinks!
Prince Ribbit hits you.
* * * LOW HITPOINT WARNING * * *
Prince Ribbit hits you!
You die...

# ### .# ..# #.###..
#.# ##......# #.###.#
#.#.## #..## . #F## .#
#@# .# #.# .# ##.#
.##############.)#
.(##.........##.#######
..##.#######..........#
..##.### ####.#####<#
.......# #.# #.#
F#####.# #.# #.#


You could see Prince Ribbit.

Vanquished Creatures
  A two-headed ogre (D:5)
  An iguana (D:4)
  An orc wizard (D:4)
  2 worker ants
  8 adders
  A giant mite (D:3)
  2 worms (D:2)
  A giant gecko (D:1)
  2 oozes
  3 orcs
  A ball python (D:3)
  5 giant cockroaches
  4 goblins
  3 hobgoblins
  4 jackals (D:1)
  4 kobolds
  A quokka (D:3)
  10 bats
  3 giant newts
  A rat (D:1)
58 creatures vanquished.

Notes
Turn   | Place    | Note
--------------------------------------------------------------
     0 | D:1      | dysrexia, the Draconian Gladiator, began the quest for the Orb.
     0 | D:1      | Reached XP level 1. HP: 17/17 MP: 1/1
   119 | D:1      | Reached XP level 2. HP: 22/24 MP: 2/2
   131 | D:1      | You fall through a shaft!
   166 | D:2      | Found an opulent altar of Gozag.
   394 | D:1      | Reached skill level 4 in Staves
   641 | D:2      | Reached XP level 3. HP: 24/29 MP: 3/3
   993 | D:2      | Reached XP level 4. HP: 27/36 MP: 4/4
  1113 | D:3      | Reached skill level 5 in Staves
  1402 | D:3      | Found an iron altar of Okawaru.
  1606 | D:3      | Noticed Grinder
  1606 | D:3      | Paralysed by Grinder for 2 turns
  1745 | D:4      | Reached XP level 5. HP: 39/41 MP: 5/5
  1749 | D:4      | Reached skill level 6 in Staves
  2378 | D:4      | Found a burning altar of Makhleb.
  2423 | D:5      | Entered Level 5 of the Dungeon
  2433 | D:5      | Noticed a two-headed ogre
  2448 | D:5      | Killed a two-headed ogre
  2448 | D:5      | Reached skill level 7 in Staves
  2448 | D:5      | Reached XP level 6. HP: 12/48 MP: 6/6
  2689 | D:5      | Noticed Prince Ribbit
  2730 | D:5      | Slain by Prince Ribbit

Action                   |  1- 3 |  4- 6 || total
-------------------------+-------+-------++-------
Melee: Quarterstaff      |    96 |   110 ||   206
Throw: Throwing net      |     1 |     3 ||     4
  Use: Scroll            |     6 |     4 ||    10
 Stab: Held in net/web   |     2 |     1 ||     3
  Eat: Chunk             |       |     5 ||     5
